Workbook
Name ______INF1: #REF!
Name ______INF1: #REF!
Name ______INF1: #REF!
Name ___INF1: #REF!
Name ___INF1: #REF!
Name ___INF1: #REF!
Name _A17000: #REF!
Name _A17000: #REF!
Name _A20000: #REF!
Name _A20000: #REF!
Name _A30000: #REF!
Name _A30000: #REF!
Name _AFC1: [1]INV!$A$25:$D$28
Name _AFC3: [1]INV!$F$25:$I$28
Name _AFC5: [1]INV!$K$25:$N$28
Name _BGC1: [1]INV!$A$5:$D$8
Name _BGC3: [1]INV!$F$5:$I$8
Name _BGC5: [1]INV!$K$5:$N$8
Name _CAC1: [1]INV!$A$19:$D$22
Name _CAC3: [1]INV!$F$19:$I$22
Name _CAC5: [1]INV!$K$19:$N$22
Name _INF1: #REF!
Name _INF1: #REF!
Name _INF1: #REF!
Name _rc: #REF!
Name _rc: #REF!
Name _SBC1: [1]INV!$A$12:$D$15
Name _SBC3: [1]INV!$F$12:$I$15
Name _SBC5: [1]INV!$K$12:$N$15
Name a: DATE(YEAR('APU AFIRMADO 2402'!Loan_Start),MONTH('APU AFIRMADO 2402'!Loan_Start)+Payment_Number,DAY('APU AFIRMADO 2402'!Loan_Start))
Name a: DATE(YEAR(Loan_Start),MONTH(Loan_Start)+Payment_Number,DAY(Loan_Start))
Name A_impresión_IM: #REF!
Name A_impresión_IM: #REF!
Name AAC: [1]AASHTO!$A$14:$F$17
Name ABG: [1]AASHTO!$A$2:$F$5
Name actual: '[2]ESTADO RED'!#REF!
Name actual: '[3]ESTADO RED'!#REF!
Name ad: #REF!
Name ad: #REF!
Name ADMINISTRADOR: [4]CUMPLIMIENTO!$C$5
Name ADMINISTRADOR_VIAL__ARMANDO_SANCHEZ_SANCHEZ: [5]INDICMICROEMP!$A$20
Name ADMINISTRADOR_VIAL__ARMANDO_SANCHEZ_SANCHEZ: [5]INDICMICROEMP!$A$20
Name admon: [6]DATOS!$B$16
Name admon: [7]DATOS!$B$16
Name admon1: [8]DATOS!$B$16
Name ah: #REF!
Name ah: #REF!
Name ahe: #REF!
Name ahe: #REF!
Name aj: #REF!
Name aj: #REF!
Name ANTONIA: IF('APU AFIRMADO 2402'!FABIAN,Header_Row+'APU AFIRMADO 2402'!Number_of_Payments,Header_Row)
Name ANTONIA: IF(FABIAN,Header_Row+Number_of_Payments,Header_Row)
Name año: '[2]ESTADO RED'!#REF!
Name año: '[3]ESTADO RED'!#REF!
Name año1: '[9]ESTADO RED'!#REF!
Name año1: '[9]ESTADO RED'!#REF!
Name ao: #REF!
Name ao: #REF!
Name as: #REF!

Sheet PROPUESTA ECONOMICA 
B1: MINISTERIO DE TRANSPORTE
B2: INSTITUTO NACIONAL DE VÍAS
B3: Dirección Territorial Huila
B5: PROPUESTA ECONOMICA
B7: PROCESO DE MÍNIMA CUANTÍA No. IP-DT-HUI-016-2019
B9: =+'PRESUP 2402 AFIRMADO'!B9:J9 -> “DT HUI SOL 1874 SUMINISTRO AFIRMADO - MÍNIMA CUANTÍA VÍA 2402”
B10: PROPONENTE:
B14: No. | C14: ITEM DE PAGO | D14: ESPECIFICACIONES | F14: DESCRIPCIÓN | G14: UND | H14: CANTIDAD | I14: VALOR UNITARIO | J14: VALOR TOTAL
D15: GENERAL | E15: PARTICULAR
B16: 1 | C16: 311,1P | D16: 311 | E16: =+C16 -> 311,1P | F16: SUMINISTRO DE MATERIAL DE AFIRMADO (SEGÚN ANEXO TÉCNICO) VIA 2402 PR0+0000 AL PR4+0000. | G16: M3 | H16: 456.83462 | I16: =+'APU AFIRMADO 2402'!N87 -> 150837 | J16: =+H16*I16 -> 68907563
B17: SUB TOTAL COSTO BÁSICO | J17: =SUM(J16:J16) -> 68907563
B18: IVA | J18: =+ROUND(J17*0.19,0) -> 13092437
B19: VALOR TOTAL | J19: =+J18+J17 -> 82000000
B21: NOTA 1: Teniendo en cuenta el Manual de Señalización Vial - Dispositivos para la Regulación del Tránsito en Calles, Carreteras y Ciclorrutas de Colombia, adoptado mediante Resolución No. 001050 del 5 de mayo de 2004 del Ministerio de Transporte, se aclara que el aparte de SEÑALIZACIÓN se debe ajustar a todo su contenido, esta señalización debe colocarse desde la órden de iniciación del contrato. | G21: DESCRIPCION | J21: PORCENTAJE
B22: NOTA 2: El control de tráfico temporal y la señalización provisional necesarios para la ejecución de las obras será por cuenta y riesgo del contratista. | G22: ADMINISTRACION | I22: A=
B23: NOTA 3: Se debe tener en cuenta que el PRECIO UNITARIO incluye el valor de A.I.U. | G23: IMPREVISTO | I23: I=
B24: NOTA 4: Si el valor del A.I.U. presentado es menor al OCHENTA Y CINCO por ciento (85%) o mayor al Ciento diez por ciento (110%) del Valor Oficial del Porcentaje de A.I.U., establecido en el formulario No 1 "presupuesto oficial", la propuesta será rechazada | G24: UTILIDAD | I24: U=
B25: NOTA 5. Cuando la fracción decimal del peso sea igual o superior a 5 se aproximara por exceso al número entero siguiente del peso y cuando la fracción decimal del peso sea inferior a 5 se aproximará por defecto al número entero del peso. | G25: TOTAL A.I.U | I25: A.I.U.=
B26: NOTA 6. El A.I.U y su discriminación deben estar en porcentaje (%).
B28: VIGENCIA DE LA OFERTA ___________DIAS
B29: Atentamente,
B31: Nombre del proponente o de su Representante Legal
B32: C. C. No. _____________________ de _______________
B33: No. del NIT [Consorcio o unión temporal o de la (s) firma (s)] ___________________
B34: Dirección de correo _______________________________________
B35: Dirección electrónica _______________________________________
B36: Telefax _______________________________________
B37: Celular _______________________________________
B38: Ciudad _______________________________________
B40: (Firma del proponente o de su Representante Legal)
... B46: (Firma de quien abona la propuesta en caso de requerirse)

Sheet PRESUP 2402 AFIRMADO
B1: MINISTERIO DE TRANSPORTE
B2: INSTITUTO NACIONAL DE VÍAS
B3: Dirección Territorial Huila
B5: PRESUPUESTO OFICIAL
B7: PROCESO DE MÍNIMA CUANTÍA No. IP-DT-HUI-016-2019
B9: “DT HUI SOL 1874 SUMINISTRO AFIRMADO - MÍNIMA CUANTÍA VÍA 2402”
B11: FORMULARIO No. 1- PRESUPUESTO OFICIAL
B14: No. | C14: ITEM DE PAGO | D14: ESPECIFICACIONES | F14: DESCRIPCIÓN | G14: UND | H14: CANTIDAD | I14: VALOR UNITARIO | J14: VALOR TOTAL
D15: GENERAL | E15: PARTICULAR
B16: 1 | C16: 311,1P | D16: 311 | E16: =+C16 -> 311,1P | F16: =+'PROPUESTA ECONOMICA '!F16 -> SUMINISTRO DE MATERIAL DE AFIRMADO (SEGÚN ANEXO TÉCNICO) VIA 2402 PR0+0000 AL PR4+0000. | G16: M3 | H16: =+'PROPUESTA ECONOMICA '!H16 -> 456.83462 | J16: =ROUND(+H16*I16,1) -> 0
B17: SUB TOTAL COSTO BÁSICO | J17: =SUM(J16:J16) -> 0
B18: IVA | J18: =+ROUND(J17*0.19,0) -> 0
B19: VALOR TOTAL | J19: =+J18+J17 -> 0
B21: NOTA 1: Teniendo en cuenta el Manual de Señalización Vial - Dispositivos para la Regulación del Tránsito en Calles, Carreteras y Ciclorrutas de Colombia, adoptado mediante Resolución No. 001050 del 5 de mayo de 2004 del Ministerio de Transporte, se aclara que el aparte de SEÑALIZACIÓN se debe ajustar a todo su contenido, esta señalización debe colocarse desde la órden de iniciación del contrato. | G21: DESCRIPCION | J21: PORCENTAJE
B22: NOTA 2: El control de tráfico temporal y la señalización provisional necesarios para la ejecución de las obras será por cuenta y riesgo del contratista. | G22: ADMINISTRACION | I22: A=
B23: NOTA 3: Se debe tener en cuenta que el PRECIO UNITARIO incluye el valor de A.I.U. | G23: IMPREVISTO | I23: I=
B24: NOTA 4: Si el valor del A.I.U. presentado es menor al OCHENTA Y CINCO por ciento (85%) o mayor al Ciento diez por ciento (110%) del Valor Oficial del Porcentaje de A.I.U., establecido en el formulario No 1 "presupuesto oficial", la propuesta será rechazada | G24: UTILIDAD | I24: U=
B25: NOTA 5. Cuando la fracción decimal del peso sea igual o superior a 5 se aproximara por exceso al número entero siguiente del peso y cuando la fracción decimal del peso sea inferior a 5 se aproximará por defecto al número entero del peso. | G25: TOTAL A.I.U | I25: A.I.U.= | J25: =SUM(J22:J24) -> 0
B26: NOTA 6. El A.I.U y su discriminación deben estar en porcentaje (%).
B28: VIGENCIA DE LA OFERTA ___________DIAS
B29: Atentamente,
B31: Nombre del proponente o de su Representante Legal
B32: C. C. No. _____________________ de _______________
B33: No. del NIT [Consorcio o unión temporal o de la (s) firma (s)] ___________________
B34: Dirección de correo _______________________________________
B35: Dirección electrónica _______________________________________
B36: Telefax _______________________________________
B37: Celular _______________________________________
B38: Ciudad _______________________________________
B40: (Firma del proponente o de su Representante Legal)
... B46: (Firma de quien abona la propuesta en caso de requerirse)

Sheet APU AFIRMADO 2402
K1: CÓDIGO | L1: MINFRA-MN-IN-10-FR-1
C2: INSTITUTO NACIONAL DE VIAS
C3: PROCESO GESTIÓN DE LA INFRAESTRUCTURA VIAL | K3: VERSIÓN | L3: 1
C4: MANUAL DE INTERVENTORÍA OBRA PÚBLICA
C5: ANÁLISIS DE PRECIOS UNITARIOS | K5: PÁGINA | M5: DE
K8: FECHA | L8: 8 | M8: Julio | N8: 2019
L9: (Día) | M9: (Mes) | N9: (Año)
B10: ITEMS DE LA PROPUESTA ECONÓMICA | I10: ITEMS NO PREVISTOS | K10: □
B11: UNIDAD EJECUTORA: | D11: DTHUI | J11: DIRECCIÓN TERRITORIAL: | K11: HUILA
B14: CONTRATO No. | D14: DE
B15: OBJETO DEL CONTRATO:
B18: CARRETERA: | J18: SECTOR:
B20: CONTRATISTA:
B22: INTERVENTOR: | K22: CTO No.: | M22: DE
B24: FECHA CIERRE PROCESO DE SELECCIÓN CONTRATO DE OBRA:
F25: (Día) | I25: (Mes) | J25: (Año)
B27: DATOS ESPECÍFICOS
B29: ITEM | C29: DESCRIPCIÓN | K29: GRUPO DE AJUSTE | L29: UNIDAD | N29: CANTIDAD
B30: ITEM | C30: DESCRIPCIÓN | L30: UNIDAD | N30: CANTIDAD
B31: 311.1 | C31: AFIRMADO | L31: m3
B33: I. EQUIPO
B35: DESCRIPCIÓN | I35: TIPO | K35: TARIFA/HORA | L35: RENDIMIENTO | N35: Vr. UNITARIO
B36: Carrotanque de agua(1000 Galones) | K36: 117185.25 | M36: 45 | N36: =+K36/M36 -> 2604.1167
B37: Motoniveladora potencia 215 HP, ancho de cuchilla 4,27 m, peso 18 ton. | K37: 167963 | M37: 45 | N37: =+K37/M37 -> 3732.5111
B38: Vibrocompatador, potencia 153 HP, peso 10 Ton. | K38: 123194.75 | M38: 45 | N38: =+K38/M38 -> 2737.6611
B43: SUBTOTAL $ | N43: =+SUM(N36:N42) -> 9074.2889
B45: II. MATERIALES
B47: DESCRIPCIÓN | J47: UNIDAD | K47: CANTIDAD | L47: PRECIO UNIT. | N47: Vr. UNITARIO
B48: Agua | J48: lt | K48: 25 | M48: 38.168724 | N48: =+K48*M48 -> 954.2181
B49: Material de afirmado de la Zona | J49: m3 | K49: 1.25 | M49: 22759.26 | N49: =+K49*M49 -> 28449.075
B53: SUBTOTAL $ | N53: =+SUM(N48:N52) -> 29403.293
B55: III. TRANSPORTES
B57: MATERIAL | H57: UNIDAD | I57: CANTIDAD (1) | J57: DISTANCIA (2) | K57: (1) * (2) | L57: TARIFA | N57: Vr. UNITARIO
A58: T0010089 | B58: Transporte de Material de Afirmado de la Zona | H58: m3km | I58: 1.25 | J58: 77 | K58: =+I58*J58 -> 96.25 | L58: 900 | N58: =+K58*L58 -> 86625
B64: SUBTOTAL $ | N64: =+SUM(N58:N63) -> 86625
B66: IV. MANO DE OBRA
B68: TRABAJADOR | I68: JORNAL | J68: PRESTACIONES (%) | K68: JORNAL TOTAL | L68: RENDIMIENTO | N68: Vr. UNITARIO
A69: A0040010
A70: A0030020
B75: SUBTOTAL $ | N75: 0
B77: TOTAL COSTO DIRECTO $ | N77: =+N53+N64+N75 -> 116028.29
B79: V. COSTOS INDIRECTOS
B81: Descripción | K81: Porcentaje | L81: Valor Total
B82: ADMINISTRACION | K82: 0.2 | L82: =+N77*K82 -> 23205.659
B83: IMPREVISTOS | K83: 0.05 | L83: =+N77*K83 -> 5801.4147
B84: UTILIDAD | K84: 0.05 | L84: =+N77*K84 -> 5801.4147
B85: SUBTOTAL $ | N85: =+L82+L83+L84 -> 34808.488
A87: PFinal01 | B87: Precio Unitario Total Aproximado al Peso $ | N87: =ROUND(N77+N85,0) -> 150837
E92: Firma
E93: Nombre:
E94: Representante Legal del Contratista o su Apoderado
E95: Matricula No. :
B97: OBSERVACIONES INTERVENTORÍA:
B103: APROBACIÓN POR INTERVENTORÍA
B104: Nota 1: Cuando se trate de Análisis de precios unitarios correspondientes a ítems de la propuesta económica aprobada, el Interventor aprueba el desglose de los componentes manteniendo el mismo precio unitario de cada ítem, cumpliendo con las especificaciones de construcción vigentes para el proyecto.
B106: Nota 2: Cuando se trate de Análisis de precios unitarios de ítems no previstos, el Interventor aprueba el desglose y precio unitario de cada ítem no previsto, exigiendo la aplicación de los costos correspondientes a insumos y tarifas de la propuesta económica inicial cuando estén contemplados, cumpliendo con las especificaciones de construcción vigente para el proyecto.
E112: Firma
E113: Nombre:
E114: Representante Legal del Interventor o su Apoderado
E115: Matricula No. :
B117: Original: Archivo de Gestión del Contrato (Subdirección Administrativa).
B118: Copias: Unidad Ejecutora, Contratista, Interventor y Dirección Territorial.

Sheet APU mezcla NEIVA
K1: CÓDIGO | L1: MINFRA-MN-FR-14
C2: INSTITUTO NACIONAL DE VIAS
C3: PROCESO MISIONAL INFRAESTRUCTURA VIAL | K3: VERSIÓN | L3: 1
C4: DIRECCION TECNICA
C5: ANALISIS DE PRECIOS UNITARIOS | K5: PÁGINA | L5: 1 | M5: DE | N5: 1
K9: FECHA | L9: DD | M9: MM | N9: AA
B11: UNIDAD EJECUTORA: | D11: DIRECCIÓN TERRITORIAL HUILA | K11: DIRECCIÓN TERRITORIAL: | M11: HUILA
B18: CONTRATO No. | E18: DE
B19: OBJETO DEL CONTRATO
B22: CONTRATISTA
B24: INTERVENTOR
B27: FECHA CIERRE DE LICITACIÓN Y/O SELECCIÓN ABREVIADA
B29: DATOS ESPECÍFICOS
B30: ITEM | C30: DESCRIPCIÓN | L30: UNIDAD | N30: CANTIDAD
A31: Unidad | B31: 450.10P1 | C31: SUMINISTRO DE MEZCLA DENSA EN CALIENTE TIPO MDC-19, PARA BACHEO EN LA VIA 2402 ENTRE PR85+0100 AL 87+0800 (COMPACTA) CON MANO DE OBRA DE COOPERATIVAS - TRANSPORTADA DESDE PLANTAS DE ASFALTO EN NEIVA | L31: m3
B33: I. EQUIPO
B35: DESCRIPCIÓN | I35: TIPO | K35: TARIFA/HORA | L35: RENDIMIENTO | N35: Vr. UNITARIO
O38: OJO
A39: C0010260 | B39: Compresor 80 HP, con martillo. | K39: 80000 | M39: =+O39 -> 12.858514 | N39: =K39/M39 -> 6221.5587 | O39: 12.858514
A40: C0010831 | B40: Retroexcavadora sobre llantas | K40: 125000 | M40: =+M39 -> 12.858514 | N40: =K40/M40 -> 9721.1855
A41: C0010211 | B41: Compactador de Rodillo POTENCIA: 99HP, PESO: 8 ton | K41: 98333 | M41: =+M40 -> 12.858514 | N41: =K41/M41 -> 7647.3066
A42: C0010910 | B42: Terminadora de asfalto (Finisher), potencia en el volante 174 HP, R=20M3/H, velocidad de pavimentación 114 m/min | K42: 207309.77 | M42: =+M41 -> 12.858514 | N42: =K42/M42 -> 16122.374
A43: C0010960 | B43: Volqueta 6 m3 | K43: 65880.106 | M43: 12.859 | N43: =K43/M43 -> 5123.2682 | O43: =+'PRESUP 2402 AFIRMADO'!K20 -> 0
B46: HERRAMIENTA MENOR (%) | M46: 0.1 | N46: =N80*M46 -> 0
B48: SUBTOTAL $ | N48: =SUM(N36:N47) -> 44835.693
B50: II. MATERIALES
B52: DESCRIPCIÓN | J52: UNIDAD | K52: CANTIDAD | L52: PRECIO UNIT. | N52: Vr. UNITARIO
A53: B0014511 | B53: Mezcla densa en Caliente MDC-19 | J53: m3 | K53: 1.25 | M53: 410344.83 | N53: =K53*M53 -> 512931.03
A54: B020011 | B54: Emulsión Asfáltica de Rotura Lenta CRL | J54: lt | K54: 7 | M54: 2051.7241 | N54: =K54*M54 -> 14362.069
B58: SUBTOTAL $ | N58: =SUM(N53:N57) -> 527293.1
B60: III. TRANSPORTES
B62: MATERIAL | H62: UNIDAD | I62: CANTIDAD (1) | J62: DISTANCIA (2) | K62: (1) * (2) | L62: TARIFA | N62: Vr. UNITARIO
A64: T0010271 | B64: Transporte de Mezcla Densa en Caliente MDC-19 | H64: m3km | I64: =+K53 -> 1.25 | J64: 85 | K64: =I64*J64 -> 106.25 | L64: 905.99467 | N64: =K64*L64 -> 96261.934
B69: SUBTOTAL $ | N69: =N63+N64+N65+N66+N67 -> 96261.934
B71: IV. MANO DE OBRA
B73: TRABAJADOR | I73: JORNAL | J73: PRESTACIONES (%) | K73: JORNAL TOTAL | L73: RENDIMIENTO | N73: Vr. UNITARIO
B80: SUBTOTAL $ | N80: =SUM(N74:N79) -> 0
B82: TOTAL COSTO DIRECTO $ | N82: =N48+N58+N69+N80 -> 668390.73
B84: V. COSTOS INDIRECTOS
B86: Descripción | K86: Porcentaje | L86: Valor Total
B87: ADMINISTRACION | K87: 0.2 | L87: =N82*K87 -> 133678.15
B88: IMPREVISTOS | K88: 0.05 | L88: =N82*K88 -> 33419.537
B89: UTILIDAD | K89: 0.05 | L89: =N82*K89 -> 33419.537
B90: SUBTOTAL $ | N90: =L87+L88+L89 -> 200517.22
A92: PFinal01 | B92: Precio Unitario Total Aproximado al Peso $ | N92: =ROUND(N82+N90,0) -> 868908
G96: Firma
G97: Nombre:
G98: Representante Legal del Contratista o su Apoderado
G99: Matricula No. :
B101: OBSERVACIONES INTERVENTORÍA
G105: Firma
G106: Nombre:
G107: Representante Legal del Interventor o su Apoderado
G108: Matricula No. :
B109: Original: Archivo de Gestión Contractual ( Subdirección Administrativa)
B110: Copias : Unidad Ejecutora, Contratista, Interventor y Dirección Territorial.
